 Dungeon Crawl Stone Soup version 0.28-a0-983-g1de4e0787c (webtiles) character file.

Game seed: 13990280558223127047

681 Decritt the Skirmisher (level 7, -5/48 HPs)
             Began as a Gargoyle Fighter on Dec 3, 2021.
             Killed from afar by a gargoyle (12 damage)
             ... with a stone arrow
             ... on level 5 of the Dungeon.
             The game lasted 00:05:56 (4260 turns).

Decritt the Skirmisher (Gargoyle Fighter)           Turns: 4260, Time: 00:05:56

Health: -5/48      AC: 23    Str: 21    XL:     7   Next: 61%
Magic:  0/7        EV:  6    Int:  9    God:
Gold:   199        SH:  4    Dex:  9    Spells: 6/6 levels left

rFire   . . .      SeeInvis .   a - +0 flail
rCold   . . .      Faith    .   c - +0 buckler
rNeg    + . .      Spirit   +   g - +0 plate armour
rPois   ∞          Reflect  .   u - +0 helmet
rElec   +          Harm     .   j - +0 cloak
rCorr   .          Rampage  .   (no gloves)
Will    +....                   (no boots)
Stlth   ..........              w - amulet of guardian spirit
HPRegen 0.16/turn               s - ring of willpower
MPRegen 0.10/turn               x - +4 ring of protection

@: no status effects
A: sickness immunity, AC +4, negative energy resistance 1, electricity
resistance, torment resistance 1, petrification resistance
a: no special abilities


You were on level 5 of the Dungeon.
You visited 1 branch of the dungeon, and saw 5 of its levels.

You collected 199 gold pieces.

Inventory:

Hand Weapons
 a - a +0 flail (weapon)
Missiles
 n - 2 silver javelins
Armour
 b - a +0 scale mail
 c - a +0 buckler (worn)
 g - a +0 plate armour (worn)
 j - a +0 cloak (worn)
 u - a +0 helmet (worn)
Jewellery
 s - a ring of willpower (left hand)
 w - an amulet of guardian spirit (around neck)
 x - a +4 ring of protection (right hand)
 A - a ring of ice
Scrolls
 f - a scroll of silence
 i - a scroll of noise {unknown}
 k - a scroll of teleportation
 l - a scroll of immolation
 o - a scroll of vulnerability {unknown}
 p - a scroll of blinking
 t - a scroll of amnesia
 v - a scroll of identify {unknown}
 y - a scroll of magic mapping {unknown}
Potions
 d - 2 potions of might
 e - 3 potions of curing {unknown}
 h - 2 potions of heal wounds {unknown}
 m - a potion of degeneration {unknown}
 q - a potion of mutation {unknown}
 r - a potion of attraction {unknown}
 z - a potion of brilliance {unknown}


   Skills:
 * Level 7.1 Fighting
 + Level 4.4 Maces & Flails
 + Level 5.4 Armour
 - Level 3.2 Shields


You had 6 spell levels left.
You didn't know any spells.
Your spell library contained the following spells:

 Spells                   Type           Power      Damage    Failure   Level
 Scorch                   Fire           0%         2d5       100%        2
 Flame Wave               Conj/Fire      0%         2d4       100%        4
 Petrify                  Tmut/Erth      0%         N/A       100%        4
 Irradiate                Conj/Tmut      0%         3d13      100%        5
 Summon Cactus Giant      Summ           0%         N/A       100%        6
 Sublimation of Blood     Necr           Unusable   N/A       N/A         2

Dungeon Overview and Level Annotations

Branches:
Dungeon (5/15)
 Temple: D:4-7

Altars:
Kikubaaqudgha

Annotations:
D:5 1 runed translucent door, Gilette's ghost, amateur DsFi


Innate Abilities, Weirdness & Mutations

You are immune to sickness and miasma.
Your stone body is resilient. (AC +4)
You are immune to poison.
You resist negative energy. (rN+)
You are resistant to electric shocks. (rElec)
You are resistant to unholy torment.
You are immune to petrification.


Message History

The gnoll sergeant hits you but does no damage.
You hit the gnoll sergeant but do no damage.
The gnoll sergeant is moderately wounded.
The gnoll sergeant hits you but does no damage.
You barely miss the gnoll sergeant.
The gnoll sergeant is moderately wounded.
The gnoll sergeant hits you with a +0 spear.
You barely miss the gnoll sergeant.
The gnoll sergeant is moderately wounded.
The gnoll sergeant hits you with a +0 spear.
You closely miss the gnoll sergeant.
The gnoll sergeant is moderately wounded.
The gnoll sergeant hits you but does no damage.
The gnoll sergeant completely misses you.
You closely miss the gnoll sergeant.
The gnoll sergeant is moderately wounded.
The gnoll sergeant hits you with a +0 spear.
* * * LOW HITPOINT WARNING * * *
The gnoll sergeant hits you but does no damage.
Found a copper wand.
Gilette's ghost turns its malevolent gaze towards you.
The gnoll sergeant closely misses you.
Found 9 gold pieces.
The gnoll sergeant completely misses you.
You block the gnoll sergeant's attack.
Found an escape hatch in the floor.
An ice beast comes into view.
A gargoyle comes into view. It is wielding a +0 mace.
Found 17 sling bullets.
The ice beast hits you but does no damage.
The ice beast hits you but does no damage.
The ice beast hits you but does no damage.
The gargoyle hurls a stone arrow at you.
The stone arrow hits you!!
Ouch! That really hurt!
* * * LOW HITPOINT WARNING * * *
Found a stone staircase leading up.
The gargoyle hurls a stone arrow at you.
The stone arrow hits you!
You die...

# ## ### .. .##.. ..
..#.# #########
#.###.#.# ........##
......+ ......>....
####.##...##......$.....
....<..@......#.........
#######.#Y###.####.###..
.....#g# # #. ###
##..#.###.# # ###
####..9.....# #..
.(....g..#### #..
.........# #..
.....>.g.# ###
.........# #..


You could see a gargoyle, an ice beast, a gnoll sergeant and a gnoll.

Vanquished Creatures
  2 necrophages
  2 scorpions
  A water moccasin zombie (D:5)
  A centaur zombie (D:5)
  A hound (D:5)
  A jelly (D:5)
  A gnoll shaman (D:4)
  Jessica (D:3)
  2 iguanas
  3 gnolls
  3 adders
  An adder skeleton (D:4)
  A worm (D:3)
  5 dart slugs
  5 orcs
  4 endoplasms
  2 giant cockroaches (D:2)
  9 goblins
  7 hobgoblins
  8 kobolds
  2 quokkas (D:2)
  5 ball pythons
  3 bats
  3 frilled lizards (D:1)
  A rat (D:2)
74 creatures vanquished.

Notes
Turn   | Place    | Note
-------+----------+-------------------------------------------
     0 | D:1      | Decritt the Gargoyle Fighter began the quest for the Orb.
     0 | D:1      | Reached XP level 1. HP: 14/14 MP: 1/1
   254 | D:1      | Found a faded altar of an unknown god.
   274 | D:1      | Reached XP level 2. HP: 8/19 MP: 2/2
  1043 | D:2      | Reached XP level 3. HP: 22/24 MP: 3/3
  1045 | D:2      | Reached skill level 4 in Fighting
  1806 | D:3      | Noticed Jessica
  1810 | D:3      | Killed Jessica
  1811 | D:3      | Reached XP level 4. HP: 30/30 MP: 4/4
  2699 | D:4      | Found an ancient bone altar of Kikubaaqudgha.
  2836 | D:4      | Noticed a scorpion
  2839 | D:4      | Noticed a necrophage
  2854 | D:3      | Killed a necrophage
  2855 | D:3      | Reached skill level 5 in Fighting
  2855 | D:3      | Reached XP level 5. HP: 31/35 MP: 5/5
  2907 | D:3      | Reached XP level 6. HP: 21/41 MP: 2/6
  3101 | D:4      | Reached skill level 6 in Fighting
  3209 | D:4      | Noticed a necrophage
  3224 | D:4      | Killed a necrophage
  3225 | D:4      | Reached skill level 5 in Armour
  3302 | D:4      | Reached XP level 7. HP: 47/47 MP: 7/7
  3802 | D:5      | Entered Level 5 of the Dungeon
  3983 | D:5      | Found a runed translucent door.
  4021 | D:5      | Reached skill level 7 in Fighting
  4214 | D:5      | Noticed Gilette's ghost (amateur DsFi)
  4250 | D:5      | Noticed a gargoyle
  4260 | D:5      | Killed from afar by a gargoyle

Illustrated notes

Levels and vault maps discovered:
D:1:      lemuel_arrival_behind_the_door_large, layout_rooms,
          nicolae_ecumenical_snake_handling
D:2:      kennysheep_big_flooded_room, layout_basic
D:3:      layout_basic, uniq_jessica
D:4:      nicolae_BIG_FREAKIN_CUBE, layout_basic,
          nicolae_kikubaaqudgha_miasma_corner
D:5:      layout_basic, kennysheep_orc_sif_temple, ebering_ghost_reflecting_pool

Skill      XL: |  1  2  3  4  5  6  7 |
---------------+----------------------+-----
Fighting       | 4 5 6 7 |  7.1
Armour         | 4 5 |  5.4
Maces & Flails | 3 4 |  4.4
Shields        | |  3.2

Action                   |  1- 3 |  4- 6 |  7- 9 || total
-------------------------+-------+-------+-------++-------
Melee: Flail             |   132 |   121 |    83 ||   336
  Use: Scroll            |       |       |     5 ||     5
Armor: Plate armour      |   103 |    95 |   106 ||   304
       Scale mail        |     2 |       |       ||     2
Dodge: Dodged            |    40 |    42 |    38 ||   120
Block: Buckler           |    27 |    21 |    18 ||    66

Table legend: (Time is in decaauts)
 A = Elapsed time spent in this place.
 B = Non-inter-level travel time spent in this place.
 C = Inter-level travel time spent in this place.
 D = Time resting spent in this place.
 E = Time spent auto-exploring this place.
 F = Levels seen in this place.
 G = Mean time per level.
                   A        B        C        D        E       F      G
               +--------+--------+--------+--------+--------+-----+--------+
         Total |   4349 |   4226 |    123 |    686 |   2699 |   5 |  869.8 |
       Dungeon |   4349 |   4226 |    123 |    686 |   2699 |   5 |  869.8 |
               +--------+--------+--------+--------+--------+-----+--------+

Top non-repeatable levels by time:
     D:3: 1176 daAuts
     D:1: 988 daAuts
     D:4: 891 daAuts
     D:2: 820 daAuts
     D:5: 472 daAuts
